 Dungeon Crawl Stone Soup version 0.29.1-2-gbd0b4ee654 (webtiles) character file.

Game seed: 13893588927026626154

115 Icepheonix32 the Changer (level 4, -1/52 HPs)
             Began as a Demigod Transmuter on Nov 4, 2022.
             Killed by divine providence
             ... invoked by an orc priest
              (10 damage)
             ... on level 4 of the Dungeon.
             The game lasted 00:03:11 (3322 turns).

Icepheonix32 the Changer (Demigod Transmuter)       Turns: 3322, Time: 00:03:12

Health: -1/52      AC: 22    Str: 15    XL:     4   Next: 41%
Magic:  10/10      EV:  2    Int: 15    God:
Gold:   142        SH:  0    Dex: 14    Spells: 4/8 levels left

rFire   + . .      SeeInvis .     - Unarmed
rCold   . . .      Faith    .   (no shield)
rNeg    . . .      Spirit   .   (body armour currently unavailable)
rPois   +          Reflect  .   (helmet currently unavailable)
rElec   .          Harm     .   (cloak currently unavailable)
rCorr   .          Rampage  .   (gloves currently unavailable)
Will    .....      NoTele   +   (boots currently unavailable)
Stlth   +.........              (no amulet)
HPRegen 0.17/turn               e - ring of protection from fire
MPRegen 0.12/turn               (no ring)

@: tree-form
A: stationary, stasis, torment immunity, boosted hp, high MP 1, forlorn, divine
attributes
a: no special abilities


You were on level 4 of the Dungeon.
You were a tree.
You visited 1 branch of the dungeon, and saw 4 of its levels.

You collected 142 gold pieces.

Inventory:

Missiles
 q - 2 boomerangs
Armour
 a - a +0 robe (melded)
 k - a +0 helmet (melded)
Jewellery
 e - a ring of protection from fire (left branch)
Wands
 j - a wand of roots (7)
 r - a wand of polymorph (11)
Scrolls
 g - a scroll of enchant weapon {unknown}
 n - a scroll of enchant armour {unknown}
Potions
 c - a potion of curing
 h - a potion of attraction {unknown}
 i - a potion of brilliance {unknown}
 p - a potion of mutation {unknown}


   Skills:
 - Level 1.0 Fighting
 - Level 2.0 Dodging
 - Level 3.1 Unarmed Combat
 + Level 2.6 Spellcasting
 * Level 3.2 Transmutations
 * Level 0.6 Poison Magic


You had 4 spell levels left.
You knew the following spells:

 Your Spells              Type           Power      Damage    Failure   Level
a - Beastly Appendage     Tmut           22%        N/A       5%          1
b - Spider Form           Tmut/Pois      7%         N/A       28%         3

Your spell library contained the following spells:

 Spells                   Type           Power      Damage    Failure   Level
 Wereblood                Tmut           11%        N/A       9%          2
 Passwall                 Tmut/Erth      5%         N/A       16%         2
 Sandblast                Erth           4%         2d4       21%         1
 Call Canine Familiar     Summ           2%         N/A       52%         3
 Portal Projectile        Hex/Tloc       4%         N/A       52%         3
 Stone Arrow              Conj/Erth      4%         3d7       52%         3
 Ice Form                 Ice/Tmut       6%         N/A       71%         4
 Leda's Liquefaction      Hex/Erth       1%         N/A       90%         4


Dungeon Overview and Level Annotations

Branches:
Dungeon (4/15)
 Temple: D:4-7


Innate Abilities, Weirdness & Mutations

You are a tree.
Your roots penetrate the ground, keeping you stationary.
You cannot be teleported.
You are immune to unholy pain and torment.
Your maximum health is greatly increased.
Your equipment is partially melded.
You have an increased reservoir of magic. (+10% MP)
You shall have no god before yourself.
Your divine heritage dramatically boosts your attributes as you level up.


Message History

The ball python misses you. The ball python grabs you.
The ball python constricts you.
You closely miss the ball python. You claw the ball python.
You kill the ball python!
Your transformation is almost over.
No target in view!
No target in view!
Your horns disappear.
Your talons disappear.
Your +0 helmet unmelds from your body.
You open the door.
There is an open door here.
You open the door.
There is an open door here.
As you open the door, it creaks loudly!
An orc and an orc priest come into view.
The orc priest shouts!
There are monsters nearby!
An orc comes into view. It is wielding a +0 falchion.
An orc priest comes into view. It is wielding a +0 falchion.
The orc priest shouts!
The orc shouts!
The orc priest miscasts a cantrip.
The orc priest hits you with a +0 hand axe.
The orc shouts!
You hit the orc priest.
The orc priest is lightly wounded.
The orc priest hits you with a +0 hand axe.
Really quaff the potion of lignification?
You turn into a tree.
Your +0 helmet melds into your body.
Your +0 robe melds into your body.
Your roots penetrate the ground.
A quokka comes into view.
The orc priest mumbles some strange prayers to Beogh against you.
Beogh smites you!
You barely miss the orc.
The orc priest mumbles some strange prayers to Beogh against you.
Beogh smites you!
* * * LOW HITPOINT WARNING * * *
You barely miss the orc. The orc hits you but does no damage.
The orc priest invokes the aid of Beogh against you.
Beogh smites you!
You die...

...#...#......#
...#...#......#+###+####
...########'#...........
...# ...#...........
...# .....#...........
...# .......#......$....
...+ .......#...........
...# ########...........
.... .......♣..#+###
......oo..# .......o..#
.....o....# ..........#
....r.....# ..........#
..........#


You could see 2 orc priests, 2 orcs and a quokka.

Vanquished Creatures
  An iguana (D:4)
  3 adders
  2 dart slugs
  An orc (D:3)
  11 ball pythons
  6 endoplasms
  A giant cockroach (D:3)
  5 goblins
  2 hobgoblins (D:1)
  3 jackals (D:2)
  3 quokkas
  4 bats
  3 frilled lizards
  8 kobolds
  6 rats
59 creatures vanquished.

Notes
Turn   | Place    | Note
-------+----------+-------------------------------------------
     0 | D:1      | Icepheonix32 the Demigod Transmuter began the quest for the
                  | Orb.
     0 | D:1      | Reached XP level 1. HP: 15/15 MP: 5/5
   576 | D:1      | Reached XP level 2. HP: 21/22 MP: 5/7
  1497 | D:2      | Reached XP level 3. HP: 24/27 MP: 8/8
  2046 | D:2      | Reached skill level 1 in Fighting
  2091 | D:2      | Learned a level 3 spell: Spider Form
  2756 | D:3      | Reached XP level 4. HP: 25/35 MP: 8/10
  3322 | D:4      | Killed from afar by an orc priest

Illustrated notes

Levels and vault maps discovered:
D:1:      minmay_arrival_arboretum_small, layout_basic, hex_large
D:2:      layout_loops_cross, nicolae_ecumenical_snake_handling, basic_altar,
          kennysheep_cross_room
D:3:      layout_rooms, mainiacjoe_overflow_small_starburst
D:4:      layout_gridville, makhleb_heckhound_becter, grunt_gozag_statues,
          uniq_menkaure

Skill      XL: |  1  2  3  4 |
---------------+-------------+-----
Unarmed Combat | 3 |  3.1
Transmutations | 2 3 |  3.2
Spellcasting   | 2 |  2.6
Dodging        | 2 |  2.0
Fighting       | 1 |  1.0
Poison Magic   | |  0.6

Action                   |  1- 3 |  4- 6 || total
-------------------------+-------+-------++-------
Melee: Unarmed           |   146 |    13 ||   159
       Kick              |    24 |     3 ||    27
       Headbutt          |    14 |     2 ||    16
       Punch             |     1 |       ||     1
 Cast: Beastly Appendage |    41 |     3 ||    44
  Use: Scroll            |       |     6 ||     6
       Potion            |       |     1 ||     1
Armor: Robe              |    29 |     1 ||    30
       Skin              |       |     1 ||     1
Dodge: Dodged            |   104 |     6 ||   110
